AoeStats
← [RZ] Arch Oxys

African Clearing

510922786Analyzed
3v3 RM · 10h ago on Oct 3, 2026· 19m 41s· 6 players
Game mode
Random Map
Map size
Normal (6 player)
Population
200
Speed
Normal
Resources
Standard
Victory
Conquest
Starting age
Dark Age
Ending age
Imperial Age
RankedLock teamsTeams togetherTeam positionsShared explorationLock speedFull tech treeHidden civsTurbo modeCheats
Victory
Defeat
🇧🇷 Koreans · Brazil
1395
+8
🇧🇷 Mapuche · Brazil
1135
+17
🇧🇷 Khitans · Brazil
1130
+17
🇹🇷 Turks · Türkiye
1229
-16
🇭🇰 Jurchens · Hong Kong SAR China
1185
-14
🇦🇺 Japanese · Australia
1137
-12
kaaaboooom
6:53 Loom
16:01 Feudal Age
Starving Maggot
6:59 Loom
14:25 Feudal Age
14:37 Man-at-Arms
15:06 Arson
Mumei
11:01 Loom
14:17 Feudal Age
15:27 Double-Bit Axe
20:22 Castle Age
18:16 Horse Collar
18:48 Scale Barding Armor
[RZ] Arch Oxys
8:54 Loom
11:25 Feudal Age
12:06 Double-Bit Axe
15:35 Fletching
18:15 Horse Collar
21:13 Castle Age
[RZ] João Paulo
3:00 Loom
13:28 Feudal Age
13:59 Feudal Age
17:53 Castle Age
15:42 Double-Bit Axe
18:57 Gold Mining
[RZ] Ja_Hera
4:48 Loom
14:00 Feudal Age
Connection lost

Rejoining the realm…

Still unreachable

The connection could not be restored.

Session expired

The server has moved on; the page needs a fresh start.